 Dungeon Crawl Stone Soup version 0.29-a0-757-g358383bc75 (webtiles) character file.

Game seed: 18261912571214976013

900 frimble the Shooter (level 7, -3/62 HPs)
             Began as a Minotaur Hunter on June 30, 2022.
             Was a Follower of Okawaru.
             Slain by an orc warrior
             ... wielding a +0 battleaxe
              (12 damage)
             ... on level 6 of the Dungeon.
             The game lasted 00:07:27 (5639 turns).

frimble the Shooter (Minotaur Hunter)               Turns: 5639, Time: 00:07:28

Health: -3/62      AC:  7    Str: 16    XL:     7   Next: 79%
Magic:  6/7        EV: 12    Int:  6    God:    Okawaru [*.....]
Gold:   58         SH:  5    Dex: 15    Spells: 6/6 levels left

rFire   + . .      SeeInvis .   b - +0 long sword
rCold   . . .      Faith    .   m - +0 buckler
rNeg    . . .      Spirit   .   c - +0 leather armour
rPois   .          Reflect  .   (helmet restricted)
rElec   .          Harm     .   (no cloak)
rCorr   .          Rampage  .   x - +1 pair of gloves
Will    +....                   (no boots)
Stlth   ++........              (no amulet)
HPRegen 0.20/turn               e - ring of willpower
MPRegen 0.10/turn               (no ring)

@: no status effects
A: horns 2, retaliatory headbutt, iridescent scales 1, fire resistance 1
a: Renounce Religion, Heroism


You were on level 6 of the Dungeon.
You worshipped Okawaru.
Okawaru was aware of your devotion.
You visited 1 branch of the dungeon, and saw 6 of its levels.

You collected 290 gold pieces.
You spent 232 gold pieces at shops.

Inventory:

Hand Weapons
 a - a +3 sling of flaming
 b - a +0 long sword (weapon)
Missiles
 t - a throwing net (quivered)
Armour
 c - a +0 leather armour (worn)
 m - a +0 buckler (worn)
 x - a +1 pair of gloves (worn)
Jewellery
 e - a ring of willpower (left hand)
 r - a ring of ice
Wands
 n - a wand of mindburst (6)
Scrolls
 d - a scroll of immolation
 g - a scroll of noise
 i - 3 scrolls of amnesia
 j - 3 scrolls of fear
 k - 2 scrolls of identify
 l - 3 scrolls of teleportation
 o - 2 scrolls of enchant weapon
 u - a scroll of enchant armour
 y - 2 scrolls of vulnerability {unknown}
Potions
 f - 6 potions of curing
 h - a potion of invisibility
 p - a potion of lignification {unknown}
 q - a potion of mutation
 v - 3 potions of degeneration {unknown}
 z - a potion of cancellation {unknown}
 A - a potion of brilliance {unknown}


   Skills:
 + Level 5.8 Fighting
 + Level 4.4 Long Blades
 + Level 6.5 Ranged Weapons
 - Level 4.0 Dodging
 - Level 1.1 Stealth
 + Level 3.3 Shields
 + Level 1.6 Invocations


You had 6 spell levels left.
You didn't know any spells.
Your spell library contained the following spells:

 Spells                   Type           Power      Damage    Failure   Level
 Corpse Rot               Necr/Pois/Air  0%         N/A       100%        4
 Dispel Undead            Necr           0%         3d6       100%        4
 Summon Small Mammal      Summ           Unusable   N/A       N/A         1
 Call Canine Familiar     Summ           Unusable   N/A       N/A         3
 Summon Guardian Golem    Hex/Summ       Unusable   N/A       N/A         3
 Death Channel            Necr           Unusable   N/A       N/A         6

Dungeon Overview and Level Annotations

Branches:
Dungeon (6/15)
 Temple: D:4-7

Altars:
Kikubaaqudgha
Nemelex Xobeh
Okawaru
Trog
The Shining One

Shops:
D:5 *   D:6 *

Annotations:
D:1 2 transporters
D:3 1 runed translucent door, Crazy Yiuf


Innate Abilities, Weirdness & Mutations

You have a pair of horns on your head.
You reflexively headbutt those who attack you in melee.
You are partially covered in iridescent scales. (AC +2)
Your flesh is heat resistant. (rF+)


Message History

The sling bullet hits the orc warrior but does no damage.
You shoot a sling bullet.
The sling bullet closely misses the orc warrior.
Your +3 sling of flaming stops flaming.
b - a +0 long sword (weapon)
You barely miss the orc warrior. The orc warrior completely misses you.
The hound barks!
You hit the orc warrior.
The orc warrior is lightly wounded.
You hear an angry hiss.
You block the orc warrior's attack.
You hit the orc warrior but do no damage.
The orc warrior is lightly wounded.
The orc priest mumbles some strange prayers to Beogh against you.
Beogh smites you! The orc warrior barely misses you.
You closely miss the orc warrior. You headbutt the orc warrior.
The orc warrior is lightly wounded.
The orc warrior hits you with a +0 battleaxe!!
Aiming: Mindburst
Press: ? - help, Shift-Dir - straight line, f/p - orc warrior
Aim: an orc warrior, wielding a +0 battleaxe and wearing a +0 chain mail (lightly wounded, chance to affect: 64%)
The orc warrior's mind is blasted!!
The orc priest looks braver for a moment.
The orc warrior closely misses you.
Aiming: Mindburst
Press: ? - help, Shift-Dir - straight line, f/p - orc warrior
Aim: an orc warrior, wielding a +0 battleaxe and wearing a +0 chain mail (severely wounded, chance to affect: 64%)
The orc warrior struggles to resist.
You feel like a meek peon again. You block the orc warrior's attack.
You hit the orc warrior but do no damage.
Your headbutt misses the orc warrior.
The orc warrior is severely wounded.
The orc warrior hits you with a +0 battleaxe!
* * * LOW HITPOINT WARNING * * *
You hit the orc warrior but do no damage.
Your headbutt misses the orc warrior.
The orc warrior is severely wounded.
The orc warrior hits you with a +0 battleaxe!
You die...

....###
#....##..........
...
#....###.........
#....# #.........
###... ##.######.
#.## #..####### #
##.......#
#.#####..####.#
#..@oooh)...#
#######...###
#.......
#.#...$..
#.........
..........
.....#####
......#


You could see an orc warrior, a hound, an orc priest and an orc.

Vanquished Creatures
  A centaur (D:3)
  A bullfrog (D:6)
  A necrophage (D:5)
  A gnoll sergeant (D:5)
  2 scorpions
  A howler monkey (D:4)
  A hound (D:6)
  A jelly (D:6)
  Terence (D:3)
  Ijyb (D:5)
  An iguana (D:6)
  3 orc wizards
  9 adders
  7 gnolls
  A worm (D:4)
  2 dart slugs (D:2)
  11 orcs
  5 ball pythons
  4 bats
  7 endoplasms
  6 giant cockroaches
  7 goblins
  10 hobgoblins
  7 quokkas
  7 frilled lizards
  7 kobolds
  A rat (D:2)
106 creatures vanquished.

Notes
Turn   | Place    | Note
-------+----------+-------------------------------------------
     0 | D:1      | frimble the Minotaur Hunter began the quest for the Orb.
     0 | D:1      | Reached XP level 1. HP: 18/18 MP: 0/0
    28 | D:1      | Reached skill level 1 in Stealth
    85 | D:1      | Reached XP level 2. HP: 25/25 MP: 1/1
   558 | D:2      | Found a faded altar of an unknown god.
   660 | D:2      | Reached XP level 3. HP: 30/31 MP: 2/2
  1351 | D:2      | Reached skill level 5 in Ranged Weapons
  1555 | D:3      | Noticed a centaur
  1566 | D:3      | Killed a centaur
  1567 | D:3      | Reached skill level 1 in Long Blades
  1567 | D:3      | Reached XP level 4. HP: 9/40 MP: 3/3
  1567 | D:3      | Reached XP level 5. HP: 11/46 MP: 4/4
  1567 | D:3      | Gained mutation: Your flesh is heat resistant. (rF+)
                  | [potion of mutation]
  1567 | D:3      | Gained mutation: You are partially covered in iridescent
                  | scales. (AC +2) [potion of mutation]
  1601 | D:3      | Noticed Terence
  1802 | D:3      | Killed Terence
  1942 | D:3      | Identified the +0 chain mail of Death's Door {rN+ Str-4
                  | Dex+5}
  2057 | D:3      | You fall into a shaft and drop 1 floor!
  2215 | D:4      | Reached XP level 6. HP: 43/53 MP: 5/5
  3039 | D:3      | Found a bloodstained altar of Trog.
  3076 | D:3      | Found a runed translucent door.
  3077 | D:3      | Noticed Crazy Yiuf
  3156 | D:3      | Reached skill level 1 in Shields
  3160 | D:3      | Found an ancient bone altar of Kikubaaqudgha.
  3169 | D:3      | Found a glowing golden altar of the Shining One.
  3173 | D:3      | Found an iron altar of Okawaru.
  3345 | D:3      | Became a worshipper of Warmaster Okawaru
  3627 | D:5      | Entered Level 5 of the Dungeon
  3644 | D:5      | Found a sparkling altar of Nemelex Xobeh.
  3878 | D:4      | Reached skill level 6 in Ranged Weapons
  3880 | D:4      | Reached skill level 5 in Fighting
  4169 | D:5      | Reached XP level 7. HP: 37/61 MP: 6/6
  4358 | D:5      | Noticed Ijyb
  4403 | D:5      | Killed Ijyb
  4889 | D:5      | Found Onausew's General Store.
  4897 | D:5      | Bought a potion of curing for 33 gold pieces
  4897 | D:5      | Bought a potion of curing for 33 gold pieces
  4897 | D:5      | Bought a +0 pair of gloves for 49 gold pieces
  4946 | D:5      | Reached * piety under Okawaru
  5198 | D:5      | Reached skill level 1 in Invocations
  5422 | D:6      | Found Wivydet's Assorted Antiques.
  5447 | D:6      | Bought a lumpy yellow potion for 28 gold pieces
  5447 | D:6      | Bought a scroll labelled JEHICW TARAK for 32 gold pieces
  5447 | D:6      | Bought 2 viscous golden potions for 57 gold pieces
  5639 | D:6      | Slain by an orc warrior

Illustrated notes

Levels and vault maps discovered:
D:1:      spicycebolla_arrival_transporter_tutorial, layout_rooms,
          chequers_garden
D:2:      layout_basic, dreamdust_ecumenical_altar_statues, dk_noncrumbling_3,
          minmay_hexomino_u4
D:3:      layout_rooms, trog_book, minmay_overflow_temple_star_quad,
          minmay_vboxes, uniq_crazy_yiuf_cottage, uniq_terence
D:4:      layout_basic
D:5:      layout_gridville, mainiacjoe_overflow_catwalk, serial_shops,
          shop_fountains, uniq_ijyb
D:6:      cheibrodos_helix_gallery, layout_basic,
          mainiacjoe_overflow_six_doors_small, marbit_many_paths, serial_shops,
          nicolae_shop_waterfront

Skill      XL: |  1  2  3  4  5  6  7 |
---------------+----------------------+-----
Stealth        | 1 |  1.1
Fighting       | 3 4 5 |  5.8
Dodging        | 3 4 |  4.0
Ranged Weapons | 5 6 |  6.5
Long Blades    | 1 2 3 4 |  4.4
Shields        | 2 3 |  3.3
Invocations    | 1 |  1.6

Action                   |  1- 3 |  4- 6 |  7- 9 || total
-------------------------+-------+-------+-------++-------
Melee: Long sword        |       |     1 |    55 ||    56
       Headbutt          |       |       |    12 ||    12
 Fire: Shortbow          |    94 |       |       ||    94
       Sling             |    12 |   162 |    36 ||   210
Throw: Throwing net      |       |       |     2 ||     2
Invok: Heroism           |       |       |     1 ||     1
Evoke: Wand              |       |       |     2 ||     2
  Use: Scroll            |     4 |       |     7 ||    11
       Potion            |       |     5 |     1 ||     6
 Stab: Held in net/web   |       |       |     1 ||     1
Armor: Leather armour    |    17 |    22 |    13 ||    52
Dodge: Dodged            |    24 |    82 |    44 ||   150
Block: Buckler           |       |     4 |    18 ||    22

Table legend: (Time is in decaauts)
 A = Elapsed time spent in this place.
 B = Non-inter-level travel time spent in this place.
 C = Inter-level travel time spent in this place.
 D = Time resting spent in this place.
 E = Time spent auto-exploring this place.
 F = Levels seen in this place.
 G = Mean time per level.
                   A        B        C        D        E       F      G
               +--------+--------+--------+--------+--------+-----+--------+
         Total |   5695 |   5308 |    387 |      3 |   4549 |   6 |  949.2 |
       Dungeon |   5695 |   5308 |    387 |      3 |   4549 |   6 |  949.2 |
               +--------+--------+--------+--------+--------+-----+--------+

Top non-repeatable levels by time:
     D:4: 1388 daAuts
     D:5: 1350 daAuts
     D:2: 1317 daAuts
     D:3: 1022 daAuts
     D:1: 396 daAuts
     D:6: 219 daAuts
